 Dungeon Crawl Stone Soup version 0.29.1-13-g9f3cf754e1 (webtiles) character file.

Game seed: 13137930900259261326

37 Porcyon the Chopper (level 3, -8/33 HPs)
             Began as a Hill Orc Monk on Feb 7, 2023.
             Mangled by Jessica
             ... wielding a +2 dagger of electrocution
              (12 damage)
             ... on level 2 of the Dungeon.
             The game lasted 00:03:47 (1379 turns).

Porcyon the Chopper (Hill Orc Monk)                 Turns: 1379, Time: 00:03:48

Health: -8/33      AC:  7    Str: 15    XL:     3   Next: 41%
Magic:  3/3        EV: 10    Int: 10    God:
Gold:   40         SH:  0    Dex: 13    Spells: 2/2 levels left

rFire   . . .      SeeInvis .   a - +0 hand axe
rCold   . . .      Faith    .   (no shield)
rNeg    . . .      Spirit   .   j - +0 scale mail
rPois   .          Reflect  .   (no helmet)
rElec   .          Harm     .   e - +0 cloak
rCorr   .          Rampage  .   (no gloves)
Will    .....                   (no boots)
Stlth   ..........              (no amulet)
HPRegen 0.11/turn               (no ring)
MPRegen 0.08/turn               (no ring)

@: invisible
A: no striking features
a: no special abilities


You were on level 2 of the Dungeon.
You visited 1 branch of the dungeon, and saw 3 of its levels.

You collected 40 gold pieces.

Inventory:

Hand Weapons
 a - a +0 hand axe (weapon)
Armour
 e - a +0 cloak (worn)
 j - a +0 scale mail (worn)
Scrolls
 f - 3 scrolls of identify
 g - a scroll of teleportation {unknown}
 i - a scroll of poison {unknown}
 l - a scroll of brand weapon {unknown}
Potions
 b - a potion of invisibility
 c - a potion of ambrosia
 d - 2 potions of heal wounds {unknown}
 h - a potion of haste {unknown}
 k - a potion of curing {unknown}


   Skills:
 * Level 4.2 Fighting
 * Level 4.6 Axes
 * Level 1.7 Armour
 - Level 2.4 Dodging
 - Level 1.5 Stealth


You had 2 spell levels left.
You didn't know any spells.
Your spell library was empty.

Dungeon Overview and Level Annotations

Branches:
Dungeon (3/15)

Altars:

Annotations:
D:2 Jessica


Message History

Jessica blinks!
You closely miss Jessica.
Jessica hits you with a +2 dagger of electrocution.
You are electrocuted!!
Ouch! That really hurt!
You are too injured to fight recklessly!
You are too injured to fight recklessly!
You are too injured to fight recklessly!
Okay, then.
As you read the scroll labelled KIAVETTOASS, it crumbles to dust.
It is a scroll of identify.
b - 2 potions of invisibility Jessica hits you with a +2 dagger of electrocution.
* * * LOW HITPOINT WARNING * * *
You fade into invisibility!
Jessica hits you with a +2 dagger of electrocution.
* * * LOW HITPOINT WARNING * * *
You hit Jessica.
Jessica is lightly wounded.
Jessica casts a spell at you.
You barely resist. You barely miss Jessica.
Jessica is lightly wounded.
Jessica mumbles some strange words.
Jessica blinks!
You are too injured to fight recklessly!
You strike the helpless Jessica from behind!
You hit Jessica.
Jessica is moderately wounded.
Jessica closely misses you.
You hit Jessica.
Jessica is severely wounded.
Jessica casts a spell.
Jessica blinks!
You closely miss Jessica.
Jessica is severely wounded.
Jessica hits you with a +2 dagger of electrocution.
* * * LOW HITPOINT WARNING * * *
You are electrocuted!
You die...

.#.#.......# @..#
.#.#.......## ...#
##..........###### ...
##........#.....##..
##.....#...#....#.######
##...#...#...#..#.......
###..#...#...#...#..#
#..#...#...#...#...#......
.#...#...#...#..@#...#.##.
...#...#...#...#@..#....#
.#.†.#...#...#...#...#..
...#...#...#...#...#....
.#...#...#...#...#...#..
...#...#...#...#...#....
.#...#...#...#...# .#
...#...#...#. #.. .
.#...#...#...#


You could see Jessica (unable to see you).

Vanquished Creatures
  An adder (D:2)
  A dart slug (D:1)
  3 ball pythons
  3 bats
  4 endoplasms
  A giant cockroach (D:2)
  2 hobgoblins (D:1)
  A quokka (D:1)
  2 frilled lizards (D:1)
  2 goblins (D:1)
  8 rats
28 creatures vanquished.

Notes
Turn   | Place    | Note
-------+----------+-------------------------------------------
     0 | D:1      | Porcyon the Hill Orc Monk began the quest for the Orb.
     0 | D:1      | Reached XP level 1. HP: 19/19 MP: 1/1
   315 | D:1      | Reached XP level 2. HP: 27/27 MP: 2/2
   488 | D:1      | Reached skill level 1 in Armour
  1012 | D:1      | Reached XP level 3. HP: 33/33 MP: 3/3
  1353 | D:2      | Noticed Jessica
  1379 | D:2      | Mangled by Jessica

Illustrated notes

Levels and vault maps discovered:
D:1:      roderic_octagonal_star, layout_loops_ring
D:2:      layout_basic, hex_large, uniq_jessica
D:3:      layout_basic, mainiacjoe_overflow_six_doors_small,
          basic_ecumenical_altar, uniq_natasha, uniq_grinder

Skill      XL: |  1  2 |
---------------+-------+-----
Armour         | 1 |  1.7
Fighting       | 4 |  4.2
Axes           | |  4.6
Dodging        | |  2.4
Stealth        | |  1.5

Action                   || total
-------------------------++-------
Melee: Hand axe          ||    85
  Use: Scroll            ||     1
       Potion            ||     1
 Stab: Sleeping          ||     1
       Invisible         ||     1
Armor: Scale mail        ||    40
       Robe              ||     1
       Leather armour    ||     1
Dodge: Dodged            ||    44
